 Dungeon Crawl Stone Soup version 0.29-a0-341-g24ffce5b50 (webtiles) character file.

Game seed: 14832499400068022510

21977 croobank the Blocker (level 12, -8/97 HPs)
             Began as a Gnoll Fighter on Apr 20, 2022.
             Was an Initiate of Gozag.
             Mangled by a bog body (22 damage)
             ... on level 2 of the Lair of Beasts on Apr 21, 2022.
             The game lasted 00:46:08 (14527 turns).

croobank the Blocker (Gnoll Fighter)               Turns: 14527, Time: 00:46:20

Health: -8/97      AC: 23    Str: 26    XL:     12   Next: 95%
Magic:  23/23      EV: 11    Int: 12    God:    Gozag
Gold:   1780       SH:  0    Dex: 11    Spells: 26/26 levels left

rFire   . . .      SeeInvis .   a - +8 mithril axe "Arga" {speed, Will+}
rCold   . . .      Faith    .   (no shield)
rNeg    . . .      Spirit   .   U - +0 chain mail
rPois   .          Reflect  .   O - +2 hat {Int+3}
rElec   .          Harm     .   m - +1 cloak
rCorr   .          Rampage  .   G - +2 pair of gloves
Will    +....                   (no boots)
Stlth   ..........              (no amulet)
HPRegen 0.26/turn               f - +4 ring of protection
MPRegen 0.18/turn               Z - +6 ring of strength

@: about to teleport, gold aura, very slow
A: fangs 1, strong nose, distributed training
a: Renounce Religion, Potion Petition, Call Merchant, Bribe Branch


You were on level 2 of the Lair of Beasts.
You worshipped Gozag.
Gozag was most pleased with you.
You visited 3 branches of the dungeon, and saw 13 of its levels.
You also visited: Sewer and Bailey.

You collected 1933 gold pieces.
You paid 153 gold pieces to Gozag.

Inventory:

Hand Weapons
 a - the +8 mithril axe "Arga" (weapon) {speed, Will+}
   (You acquired it on level 2 of the Dungeon)

   Attacks with this weapon are significantly faster.
   Will:      It increases your willpower.
 h - a +1 war axe
 q - a +1 vorpal scythe
 t - a +0 great mace
 L - a +0 battleaxe
 S - a +0 hunting sling of freezing
 T - a +1 antimagic short sword
 W - a +3 dire flail of freezing
 X - a +1 short sword of speed
Missiles
 d - 40 poisoned darts
 i - 3 throwing nets
 k - 334 stones (quivered)
 D - 19 boomerangs
 M - 3 javelins
Armour
 c - a +0 buckler
 m - a +1 cloak (worn)
 G - a +2 pair of gloves (worn)
 I - the +0 scale mail of Nastreg {Harm Will- Dex+7}
   (You took it off an orc on level 7 of the Dungeon)

   Dex:       It affects your dexterity (+7).
   Harm:      It increases damage dealt and taken.
   Will:      It decreases your willpower.
 O - a +2 hat of intelligence (worn)
 U - a +0 chain mail (worn)
Jewellery
 f - a +4 ring of protection (left hand)
 g - a ring of poison resistance
 y - a +6 ring of intelligence
 Z - a +6 ring of strength (right hand)
Wands
 n - a wand of flame (33)
 r - a wand of mindburst (16)
 v - a wand of paralysis (16)
 E - a wand of polymorph (2)
 F - a wand of iceblast (13)
 J - a wand of digging (10)
Scrolls
 l - 4 scrolls of teleportation
 p - 6 scrolls of enchant weapon
 u - 6 scrolls of immolation
 B - 3 scrolls of amnesia
 C - 2 scrolls of blinking
 H - a scroll of summoning
 K - 4 scrolls of magic mapping
 P - a scroll of enchant armour
 Q - 3 scrolls of fog
 Y - a scroll of fear
Potions
 b - 2 potions of might
 e - 6 potions of curing
 j - 5 potions of mutation
 o - a potion of haste
 s - a potion of lignification
 w - 5 potions of flight
 x - 2 potions of cancellation
 z - 4 potions of resistance
 A - 2 potions of heal wounds
 N - a potion of attraction {unknown}
 R - 2 potions of magic {unknown}
 V - a potion of invisibility {unknown}


   Skills:
 + Level 10.3 Fighting
 + Level 7.8 Short Blades
 + Level 7.8 Long Blades
 + Level 9.2 Axes
 + Level 7.8 Maces & Flails
 + Level 7.8 Polearms
 + Level 7.8 Staves
 + Level 7.8 Slings
 + Level 7.8 Bows
 + Level 7.8 Crossbows
 + Level 7.8 Throwing
 + Level 10.3 Armour
 + Level 7.8 Dodging
 + Level 7.8 Stealth
 + Level 10.3 Shields
 + Level 7.8 Unarmed Combat
 + Level 7.8 Spellcasting
 + Level 6.5 Conjurations
 + Level 6.5 Hexes
 + Level 6.5 Summonings
 + Level 6.5 Necromancy
 + Level 6.5 Translocations
 + Level 6.5 Transmutations
 + Level 6.5 Fire Magic
 + Level 6.5 Ice Magic
 + Level 6.5 Air Magic
 + Level 6.5 Earth Magic
 + Level 6.5 Poison Magic
 + Level 8.6 Invocations
 + Level 7.8 Evocations


You had 26 spell levels left.
You didn't know any spells.
Your spell library contained the following spells:

 Spells                   Type           Power      Damage    Failure   Level
 Shock                    Conj/Air       80%        1d8       4%          1
 Static Discharge         Conj/Air       20%        N/A       7%          2
 Frozen Ramparts          Ice            40%        1d6       14%         3
 Swiftness                Air            20%        N/A       14%         3
 Airstrike                Air            10%        N/A       43%         4
 Ice Form                 Ice/Tmut       20%        N/A       43%         4
 Summon Ice Beast         Ice/Summ       20%        N/A       43%         4
 Lightning Bolt           Conj/Air       10%        1d23      78%         5
 Summon Forest            Summ/Tloc      10%        N/A       78%         5
 Summon Mana Viper        Hex/Summ       20%        N/A       78%         5
 Summon Cactus Giant      Summ           10%        N/A       100%        6
 Maxwell's Capacitive Co  Air            10%        ∞         100%        8


Dungeon Overview and Level Annotations

Branches:
Dungeon (10/15)            Temple (1/1) D:7            Lair (2/6) D:8
  Swamp (0/4) Lair:2        Sewer (visited)          Bailey (visited)
  Snake: Lair:2-4    Spider: Lair:2-4       Orc: D:9-12

Altars:
Ashenzari
Cheibriados
Dithmenos
Elyvilon
Fedhas
Gozag
Hepliaklqana
Kikubaaqudgha
Makhleb
Nemelex Xobeh
Okawaru
Qazlal
Ru
Sif Muna
Trog
Uskayaw
Vehumet
Wu Jian
Xom
Yredelemnul
Zin
The Shining One


Innate Abilities, Weirdness & Mutations

You have very sharp teeth.
Your uncanny sense of smell can sniff out nearby items.
Your experience applies equally to all skills.


Message History

The swamp worm closely misses you.
The swamp worm bites you but does no damage.
Unknown command.
You hit the swamp worm.
The swamp worm is almost dead.
You closely miss the swamp worm. The swamp worm bites you.
The swamp worm bites you!
As you read the scroll of teleportation, it crumbles to dust.
You feel strangely unstable. The swamp worm bites you!
The swamp worm barely misses you.
You are too injured to fight recklessly!
You are too injured to fight recklessly!
Unknown command.
You hit the bog body.
The bog body is lightly damaged.
You slash the swamp worm! You barely miss the swamp worm.
The swamp worm completely misses you. The swamp worm bites you.
Your unstable footing causes you to fumble your attack.
The swamp worm bites you.
The bog body touches you but does no damage.
The swamp worm bites you!
* * * LOW HITPOINT WARNING * * *
Unknown command.
You slash the bog body!
The bog body is moderately damaged.
You barely miss the swamp worm. You slice the swamp worm!!
You kill the swamp worm!
The swamp worm closely misses you.
The bog body points at you and mumbles some strange words.
The bolt of cold hits you but does no damage.
Unknown command.
Your unstable footing causes you to fumble your attack.
You are engulfed in freezing vapours.
* * * LOW HITPOINT WARNING * * *
The swamp worm bites you but does no damage.
The bog body touches you.
* * * LOW HITPOINT WARNING * * *
The bog body freezes you!!
You die...
Your body crumbles into a pile of gold.

#..#...##..###.## ##.##
##.........##..# #...#
####P......#.#♣#..♣ ##..## #
..P..........♣ ♣♣♣♣ #...######
........♣♣♣♣♣♣♣♣♣♣♣♣ ♣♣♣♣......).
......♣♣♣≈≈≈≈≈≈≈≈≈≈♣≈§≈≈♣♣.###.##
##...⌠.......♣...♣..§§.≈ ♣♣# ###
###..⌠.....♣....wn.§§§§§
###...♣♣♣≈≈≈≈♣♣≈@$≈≈§S§§
#..#...♣♣♣♣♣♣♣♣♣♣♣♣♣♣♣♣ #
##.###P......♣ ♣♣♣ # #..##
####...♣##.# # P.#.# ##.?.##.## #
...## ##.###..# # ..### ##.##..##
# ....# #..###.#### # .#.##
#..###....# ### #####


You could see a bog body, a swamp worm and an electric eel.

Vanquished Creatures
  Gastronok (D:8)
  2 hydras (Lair:2)
  2 two-headed ogres
  The ghost of jlumianski the Cleaver, a novice DsFi of Qazlal (D:7)
  Pikel (D:4)
  2 unseen horrors
  2 cane toads
  4 komodo dragons
  A polar bear (Lair:1)
  A troll (D:9)
  A hornet (D:10)
  Sigmund (D:2)
  A wraith (D:6)
  2 wyverns (Lair:2)
  9 yaks
  3 spriggans (Bailey)
  Eustachio (D:5)
  3 basilisks (Lair:2)
  3 steam dragons
  2 vampire mosquitoes (D:10)
  A swamp worm (Lair:2)
  6 water moccasins
  An acid dragon (D:10)
  3 orc warriors
  5 ice beasts
  A sky beast (D:7)
  2 black bears
  9 ogres
  5 centaurs
  2 phantoms
  3 lemures (D:4)
  The ghost of CowFu the Bolt Thrower, an amateur KoHu (D:3)
  7 kobold brigands (Sewer)
  11 bullfrogs
  A necrophage (D:6)
  A gnoll sergeant (D:9)
  2 scorpions
  13 wights
  6 killer bees
  A howler monkey (D:7)
  7 hounds
  8 orc priests
  Crazy Yiuf (D:4)
  5 jellies
  A gnoll shaman (D:5)
  Ijyb (D:5)
  3 iguanas (D:4)
  7 orc wizards
  A mummy (D:5)
  14 gnolls
  7 adders
  3 river rats
  A white imp (D:7)
  An ufetubus (D:4)
  5 worms
  3 dart slugs
  40 orcs
  13 ball pythons
  4 bats
  6 endoplasms
  6 giant cockroaches
  6 goblins
  6 hobgoblins
  10 jackals
  11 kobolds
  4 quokkas
  3 frilled lizards
  8 rats
309 creatures vanquished.

Vanquished Creatures (others)
  4 fungi (Lair:2)
  4 plants (Lair:2)
8 creatures vanquished.

Grand Total: 317 creatures vanquished

Notes
Turn   | Place    | Note
-------+----------+-------------------------------------------
     0 | D:1      | croobank the Gnoll Fighter began the quest for the Orb.
     0 | D:1      | Reached XP level 1. HP: 23/23 MP: 1/1
    86 | D:1      | Reached XP level 2. HP: 23/29 MP: 2/2
   755 | D:2      | Found a faded altar of an unknown god.
   777 | D:2      | Identified a scroll of acquirement
   777 | D:2      | Acquired the +8 mithril axe "Arga" {speed, Will+}
   777 | D:2      | Found the +8 mithril axe "Arga" {speed, Will+}
  1094 | D:2      | Noticed Sigmund
  1106 | D:2      | Killed Sigmund
  1107 | D:2      | Reached skill level 1 in Short Blades
  1107 | D:2      | Reached skill level 1 in Long Blades
  1107 | D:2      | Reached skill level 1 in Maces & Flails
  1107 | D:2      | Reached skill level 1 in Polearms
  1107 | D:2      | Reached skill level 1 in Staves
  1107 | D:2      | Reached skill level 1 in Slings
  1107 | D:2      | Reached skill level 1 in Bows
  1107 | D:2      | Reached skill level 1 in Crossbows
  1107 | D:2      | Reached skill level 1 in Throwing
  1107 | D:2      | Reached skill level 1 in Dodging
  1107 | D:2      | Reached skill level 1 in Stealth
  1107 | D:2      | Reached skill level 1 in Unarmed Combat
  1107 | D:2      | Reached skill level 1 in Spellcasting
  1107 | D:2      | Reached skill level 1 in Conjurations
  1107 | D:2      | Reached skill level 1 in Hexes
  1107 | D:2      | Reached skill level 1 in Summonings
  1107 | D:2      | Reached skill level 1 in Necromancy
  1107 | D:2      | Reached skill level 1 in Translocations
  1107 | D:2      | Reached skill level 1 in Transmutations
  1107 | D:2      | Reached skill level 1 in Fire Magic
  1107 | D:2      | Reached skill level 1 in Ice Magic
  1107 | D:2      | Reached skill level 1 in Air Magic
  1107 | D:2      | Reached skill level 1 in Earth Magic
  1107 | D:2      | Reached skill level 1 in Poison Magic
  1107 | D:2      | Reached skill level 1 in Invocations
  1107 | D:2      | Reached skill level 1 in Evocations
  1107 | D:2      | Reached XP level 3. HP: 34/35 MP: 2/5
  1107 | D:2      | Reached XP level 4. HP: 40/41 MP: 2/6
  1107 | D:2      | Reached XP level 5. HP: 45/47 MP: 2/7
  1355 | D:3      | Found a runed translucent door.
  1356 | D:3      | Noticed CowFu's ghost (amateur KoHu)
  1369 | D:3      | Killed CowFu's ghost
  1370 | D:3      | Reached XP level 6. HP: 49/53 MP: 8/8
  1377 | D:3      | Found a runed translucent door.
  1435 | D:3      | Reached skill level 5 in Axes
  1950 | D:3      | Found a basalt altar of Yredelemnul.
  2051 | D:4      | Noticed Pikel
  2070 | D:4      | Killed Pikel
  2071 | D:4      | Reached XP level 7. HP: 41/60 MP: 9/11
  2255 | D:4      | Reached XP level 8. HP: 57/67 MP: 12/12
  2538 | D:4      | Found a runed translucent door.
  2540 | D:4      | Noticed Crazy Yiuf
  2728 | D:4      | Found a shimmering altar of Xom.
  2731 | D:4      | Found a bloodstained altar of Trog.
  2734 | D:4      | Found a stormy altar of Qazlal.
  2737 | D:4      | Found a sparkling altar of Nemelex Xobeh.
  2758 | D:5      | Entered Level 5 of the Dungeon
  2827 | D:5      | Found a glowing drain.
  2947 | D:5      | Noticed Eustachio
  2949 | Sewer    | Entered a sewer
  3605 | Sewer    | Reached XP level 9. HP: 63/73 MP: 14/14
  3705 | D:5      | Killed Eustachio
  4000 | D:5      | Found a shadowy altar of Dithmenos.
  4269 | D:5      | Noticed Ijyb
  4277 | D:5      | Killed Ijyb
  4665 | D:6      | Noticed a komodo dragon
  4676 | D:6      | Killed a komodo dragon
  4677 | D:6      | Reached skill level 5 in Invocations
  5018 | D:6      | Reached XP level 10. HP: 44/80 MP: 17/17
  5035 | D:7      | Found a hazy altar of Hepliaklqana.
  5041 | D:7      | Identified the +0 scale mail of Nastreg {Harm Will- Dex+7}
  5333 | D:6      | Reached skill level 5 in Short Blades
  5333 | D:6      | Reached skill level 5 in Long Blades
  5333 | D:6      | Reached skill level 5 in Maces & Flails
  5333 | D:6      | Reached skill level 5 in Polearms
  5333 | D:6      | Reached skill level 5 in Staves
  5333 | D:6      | Reached skill level 5 in Slings
  5333 | D:6      | Reached skill level 5 in Bows
  5333 | D:6      | Reached skill level 5 in Crossbows
  5333 | D:6      | Reached skill level 5 in Throwing
  5333 | D:6      | Reached skill level 5 in Dodging
  5333 | D:6      | Reached skill level 5 in Stealth
  5333 | D:6      | Reached skill level 5 in Unarmed Combat
  5333 | D:6      | Reached skill level 5 in Spellcasting
  5333 | D:6      | Reached skill level 5 in Evocations
  5726 | D:7      | Killed an unseen horror
  6006 | D:7      | Found a staircase to the Ecumenical Temple.
  6040 | Temple   | Entered the Ecumenical Temple
  6243 | Temple   | Became a worshipper of Gozag Ym Sagoz the Greedy
  6433 | D:7      | Found an ancient bone altar of Kikubaaqudgha.
  6689 | D:7      | Noticed jlumianski's ghost (novice DsFi)
  6692 | D:7      | Found a runed translucent door.
  6698 | D:7      | Reached skill level 5 in Conjurations
  6698 | D:7      | Reached skill level 5 in Hexes
  6698 | D:7      | Reached skill level 5 in Summonings
  6698 | D:7      | Reached skill level 5 in Necromancy
  6698 | D:7      | Reached skill level 5 in Translocations
  6698 | D:7      | Reached skill level 5 in Transmutations
  6698 | D:7      | Reached skill level 5 in Fire Magic
  6698 | D:7      | Reached skill level 5 in Ice Magic
  6698 | D:7      | Reached skill level 5 in Air Magic
  6698 | D:7      | Reached skill level 5 in Earth Magic
  6698 | D:7      | Reached skill level 5 in Poison Magic
  6698 | D:7      | Reached XP level 11. HP: 89/89 MP: 17/20
  7881 | D:8      | Found a staircase to the Lair.
  7918 | D:8      | Noticed Gastronok
  7947 | D:8      | Killed Gastronok
  8607 | D:9      | HP: 6/133 [poisoned by a centaur]
  8613 | D:9      | HP: 3/133 [poisoned by a centaur]
  8803 | D:9      | Found a flagged portal.
  8806 | D:9      | Noticed a two-headed ogre
  8813 | Bailey   | Entered a bailey
  9213 | Bailey   | Noticed a two-headed ogre
  9230 | Bailey   | Killed a two-headed ogre
  9361 | D:9      | Killed a two-headed ogre
  9362 | D:9      | Reached XP level 12. HP: 77/97 MP: 22/22
 10135 | D:10     | Entered Level 10 of the Dungeon
 10562 | Lair:1   | Entered Level 1 of the Lair of Beasts
 11568 | Lair:2   | Noticed a seven-headed hydra
 12054 | D:10     | Reached skill level 10 in Fighting
 12054 | D:10     | Reached skill level 10 in Armour
 12054 | D:10     | Reached skill level 10 in Shields
 12699 | D:4      | Killed Crazy Yiuf
 12832 | D:7      | Killed jlumianski's ghost
 13172 | Lair:2   | Killed a seven-headed hydra
 13691 | Lair:2   | Noticed a four-headed hydra
 13705 | Lair:2   | Killed a six-headed hydra
 14516 | Lair:2   | Found a staircase to the Swamp.
 14527 | Lair:2   | Mangled by a bog body

Illustrated notes

Levels and vault maps discovered:
D:1:      roderic_crossed_star, layout_basic, interstate_on_off
D:2:      layout_loops_cross, ebering_ecumenical_altar_rust, uniq_sigmund
D:3:      layout_basic, mainiacjoe_overflow_alcove_1, ebering_ghost_sewer_f,
          minmay_misc_feat_square
D:4:      minmay_diamond_boxcup, layout_cave_pools,
          grunt_temple_overflow_cloverleaf, kennysheep_generic_room_14,
          uniq_crazy_yiuf_cottage, uniq_pikel
D:5:      layout_rooms, mainiacjoe_overflow_small_starburst,
          gup_sewer_entry_glass, gup_ossuary_entry_pyramid, uniq_eustachio,
          uniq_ijyb
D:6:      layout_rooms, grunt_potential
D:7:      layout_basic, kennysheep_mini, mainiacjoe_overflow_paths,
          minmay_temple_entry_grid, hellmonk_ghost_happy_afterlife,
          grunt_decor_one_mirror, hangedman_glass_garden, grunt_ogre_cave
D:8:      layout_basic, lair_entry_dummy, uniq_gastronok
D:9:      layout_small_grid, enter_bailey_2
D:10:     layout_basic
Temple:   nicolae_temple_great_sept
Lair:1:   layout_long_grid, infiniplex_staircase_pool_2
Lair:2:   layout_loops_ring, nicolae_swamp_entry_splash_gauntlet, minivault_26

Skill      XL: |  1  2  3  4  5  6  7  8  9 10 11 12 |
---------------+-------------------------------------+-----
Short Blades   | 1 2 3 4 6 7 |  7.8
Long Blades    | 1 2 3 4 6 7 |  7.8
Maces & Flails | 1 2 3 4 6 7 |  7.8
Polearms       | 1 2 3 4 6 7 |  7.8
Staves         | 1 2 3 4 6 7 |  7.8
Slings         | 1 2 3 4 6 7 |  7.8
Bows           | 1 2 3 4 6 7 |  7.8
Crossbows      | 1 2 3 4 6 7 |  7.8
Throwing       | 1 2 3 4 6 7 |  7.8
Dodging        | 1 2 3 4 6 7 |  7.8
Stealth        | 1 2 3 4 6 7 |  7.8
Unarmed Combat | 1 2 3 4 6 7 |  7.8
Spellcasting   | 1 2 3 4 6 7 |  7.8
Conjurations   | 1 2 3 5 6 |  6.5
Hexes          | 1 2 3 5 6 |  6.5
Summonings     | 1 2 3 5 6 |  6.5
Necromancy     | 1 2 3 5 6 |  6.5
Translocations | 1 2 3 5 6 |  6.5
Transmutations | 1 2 3 5 6 |  6.5
Fire Magic     | 1 2 3 5 6 |  6.5
Ice Magic      | 1 2 3 5 6 |  6.5
Air Magic      | 1 2 3 5 6 |  6.5
Earth Magic    | 1 2 3 5 6 |  6.5
Poison Magic   | 1 2 3 5 6 |  6.5
Invocations    | 1 2 3 4 5 7 8 |  8.6
Evocations     | 1 2 3 4 6 7 |  7.8
Axes           | 5 6 7 8 9 |  9.2
Fighting       | 7 8 9 10 | 10.3
Armour         | 7 8 9 10 | 10.3
Shields        | 7 8 9 10 | 10.3

Action                   |  1- 3 |  4- 6 |  7- 9 | 10-12 || total
-------------------------+-------+-------+-------+-------++-------
Melee: War axe           |    34 |       |       |       ||    34
       Broad axe         |    20 |    85 |   270 |   469 ||   844
       Bite              |     1 |     5 |    21 |    60 ||    87
       Dire flail        |       |       |       |    37 ||    37
       Punch             |       |       |       |     1 ||     1
Evoke: Wand              |       |       |       |    15 ||    15
  Use: Scroll            |     3 |     7 |     2 |    15 ||    27
       Potion            |       |     1 |       |     9 ||    10
 Stab: Paralysed         |       |       |       |     6 ||     6
       Distracted        |       |       |       |     1 ||     1
       Sleeping          |       |       |       |     1 ||     1
Armor: Scale mail        |    26 |    31 |    92 |   126 ||   275
       Skin              |       |       |       |     9 ||     9
       Chain mail        |       |       |       |   135 ||   135
Dodge: Dodged            |    31 |    32 |    94 |   225 ||   382
Block: Buckler           |    15 |    17 |    52 |   109 ||   193

Table legend: (Time is in decaauts)
 A = Elapsed time spent in this place.
 B = Non-inter-level travel time spent in this place.
 C = Inter-level travel time spent in this place.
 D = Time resting spent in this place.
 E = Time spent auto-exploring this place.
 F = Levels seen in this place.
 G = Mean time per level.
                   A        B        C        D        E       F      G
               +--------+--------+--------+--------+--------+-----+--------+
         Total |  14584 |  13775 |    809 |   2187 |   8727 |  15 |  972.3 |
       Dungeon |  10485 |   9744 |    741 |   1366 |   6274 |  10 | 1048.5 |
        Temple |    211 |    203 |      8 |    147 |     43 |   1 |  211.0 |
          Lair |   2507 |   2448 |     59 |    414 |   1737 |   2 | 1253.5 |
         Sewer |    883 |    883 |      0 |    105 |    543 |   1 |  883.0 |
        Bailey |    496 |    496 |      0 |    154 |    128 |   1 |  496.0 |
               +--------+--------+--------+--------+--------+-----+--------+

Top non-repeatable levels by time:
     D:7: 2240 daAuts
  Lair:2: 1505 daAuts
     D:8: 1284 daAuts
     D:4: 1140 daAuts
     D:9: 1008 daAuts
  Lair:1: 1002 daAuts
    D:10: 975 daAuts
     D:5: 955 daAuts
     D:6: 896 daAuts
   Sewer: 883 daAuts
     D:1: 732 daAuts
     D:3: 639 daAuts
     D:2: 612 daAuts
  Bailey: 496 daAuts
  Temple: 211 daAuts
